 Dungeon Crawl Stone Soup version 0.17.0-25-gefc9c12 (webtiles) character file.

47 Raultor the Insei (level 3, 0/23 HPs)
             Began as an Octopode Transmuter on Nov 18, 2015.
             Slain by a goblin (1 damage)
             ... on level 2 of the Dungeon.
             The game lasted 00:02:32 (1174 turns).

Raultor the Insei (Octopode Transmuter)             Turns: 1174, Time: 00:02:32

Health: 0/23       AC:  1    Str: 10    XL:     3   Next: 70%
Magic:  6/6        EV: 12    Int: 15    God:
Gold:   42         SH:  0    Dex: 12    Spells: 1 memorised, 5 levels left

rFire  . . .     SeeInvis .       - Unarmed
rCold  . . .     Clarity  .     (no shield)
rNeg   . . .     SustAt   .     (helmet restricted)
rPois  .         Gourm    .     (no amulet)
rElec  .         Spirit   .     h - ring of stealth
rCorr  .         Warding  .     (no ring)
rMut   .         Stasis   .     (no ring)
MR     .....                    (no ring)
Stlth  +++.......               (no ring)
                                (no ring)
                                (no ring)
                                (no ring)

@: lethally poisoned (0 -> -4), flying, not resistant to hostile enchantments,
fairly stealthy
A: almost no armour, amphibious, 8 rings, constrict 8, camouflage 1, gelatinous
body 1
a: no special abilities


You were on level 2 of the Dungeon.
You were not hungry.

You visited 1 branch of the dungeon, and saw 2 of its levels.

You collected 42 gold pieces.

Inventory:

Missiles
 a - 32 arrows
 n - 6 javelins (quivered)
Jewellery
 h - a ring of stealth (left tentacle)
Scrolls
 e - a scroll of immolation {unknown}
 j - a scroll of magic mapping {unknown}
 l - a scroll of enchant weapon {unknown}
 o - a scroll of amnesia {unknown}
Books
 b - a book of Changes

   Spells                             Type                      Level
   a - Beastly Appendage              Transmutation                1
   b - Sticks to Snakes               Transmutation                2
   c - Spider Form                    Transmutation/Poison         3
   d - Ice Form                       Ice/Transmutation            4
   e - Blade Hands                    Transmutation                5
Comestibles
 c - a bread ration
 f - a beef jerky
 g - 5 fruits
 i - a slice of pizza
 k - a meat ration
 m - 4 chunks of flesh


   Skills:
 + Level 1.5 Fighting
 + Level 2.6 Dodging
 + Level 3.6 Unarmed Combat
 - Level 2.0 Spellcasting
 + Level 2.4 Transmutations


You had 5 spell levels left.
You knew the following spells:

 Your Spells              Type           Power        Failure   Level  Hunger
a - Beastly Appendage     Trmt           #.....       12%         1    #......


Dungeon Overview and Level Annotations

Branches:
Dungeon (2/15)

Altars:


Innate Abilities, Weirdness & Mutations

You cannot wear most types of armour.
You are amphibious.
You can wear up to eight rings at the same time.
You can use your tentacles to constrict eight enemies at once.
Your skin changes colour to match your surroundings (Stealth).
Your rubbery body absorbs attacks (AC +1).


Message History

The adder is severely wounded.
You constrict the adder.
* * * LOW HITPOINT WARNING * * *
You feel sick. The adder bites you.
* * * LOW HITPOINT WARNING * * *
The goblin barely misses you.
You completely miss the adder.
The adder is almost dead.
You constrict the adder.
You kill the adder!
The goblin misses you.
Drink which item? (? for menu, Esc to quit)
It was a potion of flight.
You feel very buoyant.
You fly up into the air.
* * * LOW HITPOINT WARNING * * *
You feel sick. The goblin hits you.
* * * LOW HITPOINT WARNING * * *
You miss the goblin. Your grab misses the goblin. The goblin hits you.
You die...

#......#.# #.#.##
##...#.######.#... #
#.................
#.#....#.######.####
#.#......# #....#...
#.#.####.# #.####.##
#......#.# #.# #.#
#...##.#.# #)# #.#
#..@# ..# #.####.#
#.†g# #####......#
#.... .........####
#.#.##########.#
#.#.. #.# #.### #.#
.. #.# . #.# #..


You could see a goblin.

Vanquished Creatures
  2 adders (D:2)
  An ooze (D:1)
  2 giant geckos (D:1)
  A bat (D:1)
  2 giant cockroaches (D:1)
  2 goblins
  3 hobgoblins
  A quokka (D:2)
  2 giant newts
  4 kobolds (D:1)
  A rat (D:1)
21 creatures vanquished.

Notes
Turn   | Place    | Note
--------------------------------------------------------------
     0 | D:1      | Raultor the Octopode Transmuter began the quest for the Orb.
     0 | D:1      | Reached XP level 1. HP: 13/13 MP: 3/3
   510 | D:1      | Reached XP level 2. HP: 18/18 MP: 5/5
   931 | D:1      | Reached XP level 3. HP: 20/23 MP: 6/6
  1173 | D:2      | HP: 1/23 [goblin (1)]
  1174 | D:2      | Slain by a goblin

Action                   || total
-------------------------++-------
Melee: Unarmed           ||    53
       Short sword       ||     7
  Use: Scroll            ||     2
       Potion            ||     1
 Stab: Sleeping          ||     3
  Eat: Chunk             ||     1
